[Event "Early-Titled-Tuesday-Blitz-April-23-2024"]
[Site "Chess.com"]
[Date "2024.04.23"]
[Round "1"]
[White "Bob_2004"]
[Black "ViralduS"]
[Result "0-1"]
[WhiteElo "2322"]
[BlackElo "2643"]
[TimeControl "180+1"]
[EndTime "8:05:38 PDT"]
[Termination "ViralduS won on time"]

1. d4 Nf6 2. c4 g6 3. Nc3 Bg7 4. Nf3 c5 5. Bg5 cxd4 6. Nxd4 Nc6 7. e3 Qa5 8. Bh4 Ne4 9. Rc1 d6 10. Be2 Nxc3 11. bxc3 Qxa2 12. O-O Qa5 13. Bf3 Bd7 14. Qb3 Qc7 15. Rb1 b6 16. h3 Na5 17. Qb4 Rc8 18. Nb5 Bxb5 19. Qxb5+ Qd7 20. Bg4 f5 21. Be2 Qxb5 22. cxb5 Kd7 0-1

[Event "Early-Titled-Tuesday-Blitz-April-23-2024"]
[Site "Chess.com"]
[Date "2024.04.23"]
[Round "1"]
[White "MikeSailer"]
[Black "Evan_Attaker"]
[Result "0-1"]
[WhiteElo "2176"]
[BlackElo "2604"]
[TimeControl "180+1"]
[EndTime "8:05:38 PDT"]
[Termination "Evan_Attaker won by resignation"]

1. b4 a5 2. b5 b6 3. Nf3 Bb7 4.
g3 Nf6 5. Bg2 e6 6. O-O Be7 7. Bb2 a4 8. a3 d5 9. d3 Nbd7 10.
Nbd2 O-O 11. c4 dxc4 12. Nxc4 Nc5 13. Rb1 Nfd7 14. Qd2 Bf6 15. Bxf6 Qxf6 16. Qb2 Qxb2 17. Rxb2 f6 18. Nd4 Bxg2 19. Kxg2 Kf7 20. Nc6 Nb8 21.
Nb4 Rd8 22. Rc1 e5 23. Kf3 Nb3 24. Rc3 Nd4+ 25. Ke3 Nxb5 26. Rbc2 Nxc3 0-1

[Event "Early-Titled-Tuesday-Blitz-April-23-2024"]
[Site "Chess.com"]
[Date "2024.04.23"]
[Round "1"]
[White "bescmelasti"]
[Black "PattyCastillo"]
[Result "1-0"]
[WhiteElo "2595"]
[BlackElo "2125"]
[TimeControl "180+1"]
[EndTime "8:05:43 PDT"]
[Termination "bescmelasti won by resignation"]

1. e4 c5 2. Nf3 d6 3. Bc4 e6 4. d3 Nf6 5. O-O Be7 6. Bb3 O-O 7. c3 Nc6 8. Re1 Qc7 9. Nbd2 b5 10. Nf1 a5 11. a4 Rb8 12. axb5 Rxb5 13. Ng3 Rb8 14.
Ba4 Bd7 15. h3 Rfd8 16. Qe2 Re8 17. e5 Nxe5 18. Nxe5 dxe5 19. Qxe5 Qxe5 20. Rxe5 Bxa4 21. Rxa4 Bd6 22. Re1 Bxg3 23. fxg3 Nd5 24. Rxa5 Red8 25. Rxc5 h6 26. g4 Nf6 27. d4 Nd5 28. Re2 Rbc8 29. Rxc8 Rxc8 30. Kf2 Nb6 31. Rc2 Nc4 32. Ke2 Nd6 33.
Kd3 Nb5 34. c4 Nd6 35. b4 Kf8 36. Bf4 Nb7 37. c5 Ke8 38. c6 Nd8 39. b5 1-0

[Event "Early-Titled-Tuesday-Blitz-April-23-2024"]
[Site "Chess.com"]
[Date "2024.04.23"]
[Round "1"]
[White "Chess_RSM"]
[Black "Dewarfd"]
[Result "1-0"]
[WhiteElo "2592"]
[BlackElo "2104"]
[TimeControl "180+1"]
[EndTime "8:05:44 PDT"]
[Termination "Chess_RSM won by resignation"]

1. d4 Nf6 2. c4 g6 3. g3 c6 4. Bg2 d5 5. Nf3 Bg7 6. O-O O-O 7. Nc3 Bf5 8. a4 Ne4 9. Qb3 Nxc3 10. bxc3 Qd7 11.
Rd1 dxc4 12. Qxc4 Be6 13. Qd3 Qd5 14. Ng5 Qc4 15. Nxe6 Qxe6 16. Ba3 Re8 17. h4 h5 18. Kh2 Qd7 19. Bh3 e6 20. e4 Na6 21. Rab1 Rad8 22.
Qf3 b6 23. d5 cxd5 24. exd5 exd5 25. Bxd7 1-0

[Event "Early-Titled-Tuesday-Blitz-April-23-2024"]
[Site "Chess.com"]
[Date "2024.04.23"]
[Round "1"]
[White "ChessSG1"]
[Black "LawrenceTrent"]
[Result "0-1"]
[WhiteElo "2399"]
[BlackElo "2717"]
[TimeControl "180+1"]
[EndTime "8:05:46 PDT"]
[Termination "LawrenceTrent won by resignation"]

1. c4 e5 2. g3 Nf6 3. Bg2 Nc6 4. Nc3 Bc5 5. a3 a6 6. e3 O-O 7. Nge2 Ba7 8. O-O d6 9. b3 Bf5 10. d3 Qd7 11. Re1 Bh3 12. Bh1 Rfe8 13. Qd2 Qf5 14. Ne4 Ng4 15. N2c3 Qh5 16. f3 Nh6 17. Nd5 Kh8 18.
Nxc7 f5 19. Nf2 f4 20. Qe2 Nf5 21. g4 Qh4 22. gxf5 Qg5+ 23. Ng4 h5 24. Nxe8 hxg4 25. Bg2 Rxe8 26. Bxh3 gxf3+ 27. Kf2 fxe2 28. Rg1 Qxg1+ 29. Kxg1 e1=Q+ 30. Kg2 0-1

[Event "Early-Titled-Tuesday-Blitz-April-23-2024"]
[Site "Chess.com"]
[Date "2024.04.23"]
[Round "1"]
[White "viviania"]
[Black "LeoLV10"]
[Result "1-0"]
[WhiteElo "2903"]
[BlackElo "2509"]
[TimeControl "180+1"]
[EndTime "8:05:47 PDT"]
[Termination "viviania won by resignation"]

1. Nf3 d5 2. g3 Nf6 3. Bg2 g6 4. c4 Bg7 5. cxd5 Nxd5 6. Nc3 Nxc3 7. bxc3 O-O 8. O-O c6 9. d4 Nd7 10. e4 Nb6 11. Bf4 Be6 12. Re1 Bc4 13. a4 Ba6 14. Qc1 Nc4 15. Bh6 Re8 16. Bxg7 Kxg7 17. h4 e5 18. h5 Qf6 19. h6+ Kg8 20. Nh2 exd4 21. Ng4 Qd8 22. Qf4 Re6 23. cxd4 Qxd4 24. Rad1 Qb2 25. e5 Rf8 26. Nf6+ Kh8 27. Nd7 Rfe8 28.
Qxf7 R6e7 29. Qf6+ Kg8 30. Bh3 Rf7 31. Be6 Rxe6 32. Qd8+ 1-0

[Event "Early-Titled-Tuesday-Blitz-April-23-2024"]
[Site "Chess.com"]
[Date "2024.04.23"]
[Round "1"]
[White "RodTwinkz"]
[Black "Tol_Tol"]
[Result "1-0"]
[WhiteElo "2691"]
[BlackElo "2383"]
[TimeControl "180+1"]
[EndTime "8:05:48 PDT"]
[Termination "RodTwinkz won by resignation"]

1. e4 c5 2. Nc3 Nc6 3. f4 g6 4.
Nf3 Bg7 5. Bc4 e6 6. e5 Nge7 7. Ne4 Nf5 8. Nxc5 d6 9. exd6 Qxd6 10. Ne4 Qxf4 11. d3 Qg4 12. O-O Ncd4 13. c3 Nxf3+ 14. Rxf3 O-O 15. h3 1-0

[Event "Early-Titled-Tuesday-Blitz-April-23-2024"]
[Site "Chess.com"]
[Date "2024.04.23"]
[Round "1"]
[White "DonJuanEGenaro"]
[Black "Maus7"]
[Result "1-0"]
[WhiteElo "2027"]
[BlackElo "2557"]
[TimeControl "180+1"]
[EndTime "8:05:50 PDT"]
[Termination "DonJuanEGenaro won on time"]

1. d4 Nf6 2. Nf3 d5 3. c4 e6 4. Nc3 Bb4 5. e3 O-O 6. Bd3 dxc4 7. Bxc4 c5 8. O-O cxd4 9. exd4 b6 10. Ne5 Bb7 11. Bg5 h6 12. Bh4 Be7 13. Qd3 Nc6 14.
Nxc6 Bxc6 15. Bb3 Qd7 16. Bc2 Rfd8 17. Bxf6 Bxf6 18. Qh7+ Kf8 19. Rad1 Rac8 20. d5 Bb7 21. dxe6 Qc6 22. e7+ Kxe7 23. Rfe1+ 1-0

[Event "Early-Titled-Tuesday-Blitz-April-23-2024"]
[Site "Chess.com"]
[Date "2024.04.23"]
[Round "1"]
[White "superchess02"]
[Black "ninguno46"]
[Result "1-0"]
[WhiteElo "2912"]
[BlackElo "2517"]
[TimeControl "180+1"]
[EndTime "8:05:53 PDT"]
[Termination "superchess02 won on time"]

1. d4 Nf6 2. c4 e6 3. Nc3 Bb4 4. Qc2 Nc6 5. Nf3 d6 6. a3 Bxc3+ 7. Qxc3 Qe7 8. b4 e5 9. Bb2 e4 10. d5 exf3 11. dxc6 fxe2 12. Bxe2 bxc6 13. O-O-O O-O 14.
Bf3 a5 15. b5 Bd7 16. Rhe1 Qd8 17. g4 h6 18. h4 cxb5 19. cxb5 Be6 20. g5 1-0

[Event "Early-Titled-Tuesday-Blitz-April-23-2024"]
[Site "Chess.com"]
[Date "2024.04.23"]
[Round "1"]
[White "Ginger_GM"]
[Black "Kostukov_Alex"]
[Result "1-0"]
[WhiteElo "2644"]
[BlackElo "2328"]
[TimeControl "180+1"]
[EndTime "8:05:53 PDT"]
[Termination "Ginger_GM won on time"]

1. d4 g6 2. h4 Nf6 3. Nc3 d5 4. Bf4 Bg7 5. e3 c5 6. Nb5 Na6 7. c3 O-O 8. Be2 h5 9. Nf3 c4 10. b3 cxb3 11. axb3 Bf5 12. O-O Qb6 13. c4 Ne4 14.
cxd5 Rad8 15. Bc4 Bd7 16. Qd3 Bf5 17. Qe2 Nf6 18. Nc3 Ne4 19. Na4 Qb4 20. Rfc1 Rc8 21. Be5 1-0

[Event "Early-Titled-Tuesday-Blitz-April-23-2024"]
[Site "Chess.com"]
[Date "2024.04.23"]
[Round "1"]
[White "szachuspl"]
[Black "KuzubovYuriy"]
[Result "0-1"]
[WhiteElo "2525"]
[BlackElo "2927"]
[TimeControl "180+1"]
[EndTime "8:05:55 PDT"]
[Termination "KuzubovYuriy won by checkmate"]

1. d4 d5 2. c4 e6 3. Nc3 Nf6 4. Nf3 Be7 5. Bg5 h6 6. Bxf6 Bxf6 7. e3 O-O 8. Rc1 a6 9. a4 c6 10. h4 g6 11. g4 Bg7 12. g5 h5 13. Bd3 Nd7 14. Ne2 e5 15. cxd5 cxd5 16. dxe5 Nxe5 17. Ned4 Nxf3+ 18. Qxf3 Re8 19. O-O Qd6 20. Kg2 Bg4 21. Qg3 Be5 22. f4 Bg7 23. Qf2 Rac8 24. Qd2 Qd7 25.
Rxc8 Rxc8 26. Ra1 Re8 27. b3 Bxd4 28. exd4 Bf3+ 29. Kf1 Qh3+ 30. Kg1 Qh1+ 31. Kf2 Qg2# 0-1

[Event "Early-Titled-Tuesday-Blitz-April-23-2024"]
[Site "Chess.com"]
[Date "2024.04.23"]
[Round "1"]
[White "rezamahdavi2008"]
[Black "jup1978"]
[Result "1-0"]
[WhiteElo "2908"]
[BlackElo "2515"]
[TimeControl "180+1"]
[EndTime "8:05:55 PDT"]
[Termination "rezamahdavi2008 won by checkmate"]

1. e4 c6 2. d4 d5 3. exd5 cxd5 4. Bd3 Nc6 5. c3 Nf6 6. Nf3 Bg4 7. h3 Bxf3 8. Qxf3 e6 9. O-O Be7 10. Bf4 O-O 11. Nd2 h6 12. Qe2 Bd6 13. Bxd6 Qxd6 14.
Nf3 Rfe8 15. Rfe1 Nd7 16. Ne5 f6 17. Nxd7 Qxd7 18. Qg4 Rad8 19. Bg6 Re7 20. Re3 e5 21. Bf5 Qe8 22. Rae1 Kf8 23. Bc2 Qf7 24. dxe5 Rxe5 25. f4 Rxe3 26. Rxe3 d4 27. cxd4 Nxd4 28. Bg6 Qc4 29.
Qd7 Ne6 30. Qxd8+ Nxd8 31. Re8# 1-0

[Event "Early-Titled-Tuesday-Blitz-April-23-2024"]
[Site "Chess.com"]
[Date "2024.04.23"]
[Round "1"]
[White "DvaHrasta"]
[Black "Aygehovit1992"]
[Result "0-1"]
[WhiteElo "2417"]
[BlackElo "2734"]
[TimeControl "180+1"]
[EndTime "8:05:55 PDT"]
[Termination "Aygehovit1992 won on time"]

1. c4 e5 2. g3 g6 3. d4 Bg7 4. dxe5 Nc6 5. f4 d6 6. exd6 cxd6 7. Nc3 Nge7 8. Be3 O-O 9. Bf2 Qa5 10. Qd2 Nf5 11. Nf3 Be6 12. e4 Rfe8 13. Be2 Bxc4 14. Bxc4 Bxc3 15. bxc3 Rxe4+ 16. Kf1 Rxc4 17. Rc1 Rc8 18. Kg2 Nce7 19. g4 Ng7 20. Qxd6 Nd5 21. Rhd1 Nxf4+ 22. Kh1 Nge6 0-1

[Event "Early-Titled-Tuesday-Blitz-April-23-2024"]
[Site "Chess.com"]
[Date "2024.04.23"]
[Round "1"]
[White "leepday"]
[Black "ArmanGhevondyanchess"]
[Result "1-0"]
[WhiteElo "2167"]
[BlackElo "2581"]
[TimeControl "180+1"]
[EndTime "8:05:55 PDT"]
[Termination "leepday won by resignation"]

1. c4 c5 2. Nf3 e6 3. e3 Nf6 4. b3 d5 5. Bb2 Be7 6. d4 O-O 7. Nc3 Nc6 8. cxd5 Nxd5 9. Bb5 Qa5 10.
Bxc6 Nxc3 11. Qd2 cxd4 12. Nxd4 bxc6 13. Nxc6 Qc7 14. Nxe7+ Qxe7 15. Qxc3 f6 16. O-O Bb7 17. a4 Rac8 18. Qd3 Rfd8 19. Qb5 Rc5 20. Qb4 Bxg2 21. Rfd1 Rdc8 22. Ba3 Bh3 23. Qh4 Qb7 24. Qxh3 Rg5+ 25. Kf1 f5 26. b4 Rc2 27. f3 Qa6+ 28. b5 Qxa4 29. Rd8+ Kf7 30. Rd7+ Kg6 31. Rxg7+ Kxg7 32. Bf8+ Kxf8 33. Qh6+ Rg7 34. Rxa4 Rc7 35. Qf6+ 1-0

[Event "Early-Titled-Tuesday-Blitz-April-23-2024"]
[Site "Chess.com"]
[Date "2024.04.23"]
[Round "1"]
[White "Metadast"]
[Black "SmirnovTimofey2000"]
[Result "1-0"]
[WhiteElo "2568"]
[BlackElo "1984"]
[TimeControl "180+1"]
[EndTime "8:05:57 PDT"]
[Termination "Metadast won by resignation"]

1. d4 d5 2. c4 c6 3. cxd5 cxd5 4. Nc3 Nc6 5. Bf4 Nf6 6. e3 a6 7. Bd3 Bg4 8. Nge2 Bxe2 9. Qxe2 e6 10. Rc1 Bd6 11. Bxd6 Qxd6 12. O-O O-O 13. Na4 b5 14. Nc5 Na5 15. b3 Rac8 16. h3 Nd7 17. Qc2 Nxc5 18. dxc5 Qc6 19. Bxh7+ Kh8 20. Bd3 Rc7 21. Qe2 g6 22. h4 Nb7 23. b4 a5 24. h5 Kg7 25.
a3 axb4 26. axb4 e5 27. Bxb5 Qf6 28. c6 Nd6 29. Ba4 e4 30. b5 Nc4 31. Rxc4 dxc4 32.
Qxc4 Rh8 33. b6 Rcc8 34. Qd4 Rxh5 35. b7 Qxd4 36. exd4 1-0

[Event "Early-Titled-Tuesday-Blitz-April-23-2024"]
[Site "Chess.com"]
[Date "2024.04.23"]
[Round "1"]
[White "Thunderbolt135"]
[Black "hmatyi07"]
[Result "1-0"]
[WhiteElo "2636"]
[BlackElo "2310"]
[TimeControl "180+1"]
[EndTime "8:05:58 PDT"]
[Termination "Thunderbolt135 won by checkmate"]

1. b3 e5 2. Bb2 Nc6 3. e3 d5 4. Bb5 Ne7 5. Bxe5 Ng6 6. Bb2 Qg5 7.
g3 Bg4 8. f3 Bd7 9. f4 Qh6 10.
Qf3 O-O-O 11. Ne2 Nb4 12. Bxd7+ Rxd7 13. Na3 Bc5 14. O-O-O Ne7 15. Kb1 Qa6 16. Nc3 Nd3 17. cxd3 Bxa3 18. Bxa3 Qxa3 19. d4 g6 20. Rc1 Qa6 21.
Qf1 Qxf1 22. Rhxf1 Kb8 23. Na4 b6 24. Nb2 Nc8 25. Nd3 f6 26. g4 Nd6 27. h4 Ne4 28.
Kc2 c5 29. dxc5 bxc5 30. Nf2 Nxf2 31. Rxf2 Kc7 32. d4 cxd4 33. Kd3+ Kd6 34. Kxd4 Re8 35.
Rfc2 Re4+ 36. Kd3 Rde7 37. Rc6+ Kd7 38. Rc7+ Ke8 39. Rxe7+ Rxe7 40. Rc5 Rd7 41. Kd4 Ke7 42. Rxd5 Rb7 43. g5 Rb4+ 44. Kd3 Rb7 45. Ra5 Rd7+ 46. Ke2 Ke6 47. Ra6+ Kf5 48. Kf3 fxg5 49. e4# 1-0

[Event "Early-Titled-Tuesday-Blitz-April-23-2024"]
[Site "Chess.com"]
[Date "2024.04.23"]
[Round "1"]
[White "Anton_Demchenko"]
[Black "DeArron_Fox"]
[Result "1-0"]
[WhiteElo "2970"]
[BlackElo "2535"]
[TimeControl "180+1"]
[EndTime "8:05:59 PDT"]
[Termination "Anton_Demchenko won by resignation"]

1. e4 c5 2. Nf3 e6 3. d4 cxd4 4. Nxd4 a6 5. Bd3 Bc5 6. Nb3 Ba7 7. Qe2 Ne7 8. Be3 O-O 9. Bxa7 Rxa7 10. N1d2 Nbc6 11.
c3 b5 12. O-O Bb7 13. Rad1 Qc7 14. Qe3 Raa8 15. Qh3 Ng6 16. Bb1 Nce5 17. Nd4 d5 18. f4 Nc6 19. f5 Nge5 20. fxe6 Nxd4 21. cxd4 Qb6 22. exd5 g6 23. Ne4 Bxd5 24. Nf6+ 1-0

[Event "Early-Titled-Tuesday-Blitz-April-23-2024"]
[Site "Chess.com"]
[Date "2024.04.23"]
[Round "1"]
[White "JiaHaoxiang"]
[Black "Freeeeeeeeeeeeeeeeee"]
[Result "1-0"]
[WhiteElo "2580"]
[BlackElo "2063"]
[TimeControl "180+1"]
[EndTime "8:05:59 PDT"]
[Termination "JiaHaoxiang won by resignation"]

1. d4 Nf6 2. c4 e6 3. Nf3 b6 4. g3 Ba6 5. Qc2 Bb4+ 6. Bd2 Nc6 7. Bg2 O-O 8. O-O Bxd2 9. Nbxd2 Qe7 10. a3 Bb7 11. b4 a5 12. b5 Nd8 13. e4 d6 14.
Rac1 c5 15. bxc6 Bxc6 16. d5 Be8 17. Rb1 Qc7 18. Qb2 Rb8 19. e5 dxe5 20. Nxe5 exd5 21. cxd5 Nd7 22. Nec4 b5 23. Ne3 Nc5 24. Rfc1 Qa7 25.
Qd4 Ndb7 26. Nf5 f6 27. d6 Bf7 28. Ne7+ Kh8 29. Nc6 Nb3 30. Qxa7 1-0

[Event "Early-Titled-Tuesday-Blitz-April-23-2024"]
[Site "Chess.com"]
[Date "2024.04.23"]
[Round "1"]
[White "LeRoidesChampions"]
[Black "Chernov_Alexander_A"]
[Result "1-0"]
[WhiteElo "2617"]
[BlackElo "2260"]
[TimeControl "180+1"]
[EndTime "8:06:00 PDT"]
[Termination "LeRoidesChampions won by resignation"]

1. Nf3 d5 2. b3 c5 3. Bb2 f6 4. d4 cxd4 5. Nxd4 e5 6. Nf3 Nc6 7. e3 Be6 8. Nbd2 Bc5 9. c4 Nge7 10. cxd5 Bxd5 11. Rc1 Bb6 12. Bc4 O-O 13. Bxd5+ Qxd5 14. Nc4 Rfd8 15. Qxd5+ Nxd5 16. a3 Na5 17. Nxa5 Bxa5+ 18. b4 Bb6 19. Ke2 Kf7 20. Rhd1 Ke6 21. Nd2 Rac8 22.
Nb3 h5 23. g3 g5 24. e4 Ne7 25.
Rxd8 Rxd8 26. a4 Nc6 27. a5 Nd4+ 28. Bxd4 Bxd4 29. Rc7 b6 30. Rxa7 bxa5 31. Ra6+ Kf7 32. bxa5 Rb8 33. Nxd4 exd4 34. Rb6 Rc8 35. Kd3 Rc3+ 36.
Kxd4 Ra3 37. a6 h4 38. Kd5 Ra2 39. gxh4 gxh4 40. Kc6 Rxf2 41. a7 Ra2 42. Kb7 1-0

[Event "Early-Titled-Tuesday-Blitz-April-23-2024"]
[Site "Chess.com"]
[Date "2024.04.23"]
[Round "1"]
[White "rhungaski"]
[Black "crescentmoon2411"]
[Result "0-1"]
[WhiteElo "2515"]
[BlackElo "2907"]
[TimeControl "180+1"]
[EndTime "8:06:01 PDT"]
[Termination "crescentmoon2411 won by resignation"]

1. b3 e5 2. Bb2 Nc6 3. c4 Bc5 4. e3 d6 5. Nc3 Nf6 6. a3 a6 7. Nge2 O-O 8. b4 Ba7 9. Qc2 Re8 10. Ng3 h5 11. Bd3 h4 12. Nge4 Nxe4 13. Bxe4 Ne7 14. g4 c6 15. Rg1 d5 16. Bh7+ Kh8 17. Bf5 Nxf5 18. gxf5 Qf6 19. cxd5 Bxf5 20. Qb3 Red8 21. dxc6 bxc6 22. Qc4 Bg6 23. Qg4 Rxd2 24. Kxd2 Qxf2+ 25. Ne2 Qxe3+ 26. Ke1 Qf2+ 27. Kd1 Rd8+ 28. Bd4 Bxd4 0-1

[Event "Early-Titled-Tuesday-Blitz-April-23-2024"]
[Site "Chess.com"]
[Date "2024.04.23"]
[Round "1"]
[White "lamomiajunior"]
[Black "JoliyRoger"]
[Result "1-0"]
[WhiteElo "2734"]
[BlackElo "2413"]
[TimeControl "180+1"]
[EndTime "8:06:01 PDT"]
[Termination "lamomiajunior won on time"]

1. d4 Nf6 2. Nc3 d5 3. Bf4 c6 4. e3 Bf5 5. f3 e6 6. g4 Bg6 7. h4 h5 8. g5 Ng8 9. Qd2 Bb4 10. a3 Bd6 11. Nh3 Ne7 12. e4 dxe4 13. fxe4 Bxf4 14. Nxf4 e5 15. dxe5 Qxd2+ 16. Kxd2 Nd7 17. e6 Ne5 18.
exf7+ Kxf7 19. Be2 Rhd8+ 20. Ke3 Re8 21. Rhf1 Kg8 22.
Rad1 Bf7 23. Nxh5 N7g6 24. Nf4 Nxh4 25. b3 Re7 26. Rh1 Nhg6 27. Nxg6 Bxg6 28. Rd6 Rae8 29.
Rhd1 Bf7 30. a4 a5 31. Kd4 Nd7 32. g6 Be6 33. Bc4 1-0

[Event "Early-Titled-Tuesday-Blitz-April-23-2024"]
[Site "Chess.com"]
[Date "2024.04.23"]
[Round "1"]
[White "L4ncer"]
[Black "Iskusnyh"]
[Result "0-1"]
[WhiteElo "2269"]
[BlackElo "2622"]
[TimeControl "180+1"]
[EndTime "8:06:02 PDT"]
[Termination "Iskusnyh won by resignation"]

1. e4 e6 2. Nf3 d5 3. Nc3 Nf6 4.
e5 Nfd7 5. d4 c5 6. dxc5 Nc6 7.
Bf4 Be7 8. Bd3 Nxc5 9. Qe2 g5 10. Bg3 g4 11. Nd2 Nxd3+ 12. cxd3 Nd4 13. Qxg4 Nc2+ 14. Ke2 Nxa1 15. Rxa1 Bd7 16. Qg7 Rf8 17. Qxh7 Qb6 18. Nb3 a5 19. Rb1 a4 20. Nd2 O-O-O 21. b3 a3 22. Qh5 Qd4 23. Na4 Kb8 24. f3 Bb5 25. Qh7 Rh8 26. Qxf7 Qxd3+ 27. Kd1 Bb4 28. Qf4 Bxd2 0-1

[Event "Early-Titled-Tuesday-Blitz-April-23-2024"]
[Site "Chess.com"]
[Date "2024.04.23"]
[Round "1"]
[White "ChinguunSu"]
[Black "mapleaff"]
[Result "1-0"]
[WhiteElo "2616"]
[BlackElo "2248"]
[TimeControl "180+1"]
[EndTime "8:06:02 PDT"]
[Termination "ChinguunSu won by resignation"]

1. e4 c5 2. Nf3 Nc6 3. d4 cxd4 4. Nxd4 e5 5. Nb5 d6 6. N1c3 a6 7. Na3 Be6 8. Nd5 Bxd5 9. exd5 Nce7 10. c4 Nf6 11. g3 Rc8 12. Bg2 g6 13. O-O Bg7 14.
b4 O-O 15. Be3 Nd7 16. c5 dxc5 17. d6 Nf5 18. Bxb7 Nxe3 19. fxe3 Rb8 20. Bxa6 cxb4 21.
Nc2 Qb6 22. Bc4 Rbc8 23. Bb3 e4 24. Rc1 Ne5 25. Nd4 Nd3 26. Rxc8 Rxc8 27. Rxf7 Kh8 28. d7 Rc1 29. Qxc1 Nxc1 30. Rxg7 Kxg7 31. d8=Q Qxd8 32. Ne6+ Kf6 33. Nxd8 Ke7 34. Nc6+ Kd6 35. Nxb4 Ke5 36. Nc2 Nd3 37. Kf1 h5 38. Ke2 g5 39. Bc4 Nc5 40. Nd4 Na4 41. Bb3 Nc3+ 42. Kd2 1-0

[Event "Early-Titled-Tuesday-Blitz-April-23-2024"]
[Site "Chess.com"]
[Date "2024.04.23"]
[Round "1"]
[White "Antosha_Chekhonte"]
[Black "wonderfultime"]
[Result "0-1"]
[WhiteElo "2544"]
[BlackElo "3057"]
[TimeControl "180+1"]
[EndTime "8:06:03 PDT"]
[Termination "wonderfultime won by resignation"]

1. e4 e5 2. Nf3 Nc6 3. Nc3 Nf6 4. d4 Bb4 5. Nxe5 O-O 6. Qd3 Re8 7. f3 d5 8. Nxc6 bxc6 9. e5 c5 10. a3 Ba5 11. b4 cxb4 12. Ne2 Nd7 13. Bd2 c5 14. axb4 cxb4 15. Qb5 Rb8 16. Qxa5 Nb6 17. Kf2 Bf5 18. Ra2 Rc8 19. Ng3 Qh4 20. Ba6 Nc4 21. Bxc4 Rxc4 22. Be3 Rec8 23. Re1 Bxc2 24. Qxd5 Bb3 25.
Rb2 Rc2+ 26. Rxc2 Rxc2+ 0-1

[Event "Early-Titled-Tuesday-Blitz-April-23-2024"]
[Site "Chess.com"]
[Date "2024.04.23"]
[Round "1"]
[White "NovozhilovSemen"]
[Black "MikhailBLR"]
[Result "1-0"]
[WhiteElo "2640"]
[BlackElo "2320"]
[TimeControl "180+1"]
[EndTime "8:06:03 PDT"]
[Termination "NovozhilovSemen won by resignation"]

1. d4 e5 2. dxe5 d6 3. exd6 Bxd6 4.
Nc3 Nc6 5. e4 Qe7 6. Bd3 Nf6 7.
Nge2 Bg4 8. f3 Bh5 9. Bf4 O-O-O 10. Bxd6 Rxd6 11. Qd2 Rhd8 12. O-O-O Nb4 13. Nf4 Bg6 14. Rhe1 Nxd3+ 15. cxd3 Nd7 16. d4 Nb6 17. d5 Qe5 18. Nxg6 hxg6 19. f4 Qh5 20. h3 f6 21. b3 c6 22. e5 fxe5 23. fxe5 Rxd5 24. Nxd5 Rxd5 25. Qf4 Qh6 26. Qxh6 gxh6 27. Rxd5 Nxd5 28. Rf1 Kd7 29. Rf7+ Ke6 30. Rxb7 Kxe5 31. Rxa7 Ne3 32. g4 h5 33.
gxh5 gxh5 34. Rh7 1-0

[Event "Early-Titled-Tuesday-Blitz-April-23-2024"]
[Site "Chess.com"]
[Date "2024.04.23"]
[Round "1"]
[White "HansOnTwitch"]
[Black "Djager97"]
[Result "1-0"]
[WhiteElo "3232"]
[BlackElo "2558"]
[TimeControl "180+1"]
[EndTime "8:06:05 PDT"]
[Termination "HansOnTwitch won on time"]

1. e4 e5 2. Nf3 Nc6 3. Bc4 Bc5 4. d3 Nf6 5. c3 d6 6. O-O a6 7. Re1 Ba7 8. Nbd2 O-O 9. Nf1 Na5 10.
Bb3 Nxb3 11. axb3 Be6 12. h3 Re8 13. d4 exd4 14. Nxd4 h6 15. Ng3 d5 16. e5 Ne4 17.
Qf3 Nxg3 18. Qxg3 Kh8 19. b4 c5 20. bxc5 Bxc5 21. Be3 Qc7 22. f4 b5 23. Rf1 Bxd4 24.
Bxd4 Bf5 25. Qh4 b4 26. g4 Be4 27. g5 Qc6 28. f5 bxc3 29. bxc3 Rab8 30. Rf2 Kg8 31.
gxh6 Qxh6 32. Qxh6 gxh6 33. Kh2 Kh7 34. Rxa6 Rb1 35.
Ra7 Rh1+ 36. Kg3 Kg8 37. e6 Rg1+ 38. Kh4 fxe6 39. f6 Bg6 40. Rg7+ Kh8 41. Rxg6 e5 42. Rxg1 1-0

[Event "Early-Titled-Tuesday-Blitz-April-23-2024"]
[Site "Chess.com"]
[Date "2024.04.23"]
[Round "1"]
[White "SchmakAttack"]
[Black "Mihaiionescu1"]
[Result "1-0"]
[WhiteElo "2835"]
[BlackElo "2474"]
[TimeControl "180+1"]
[EndTime "8:06:05 PDT"]
[Termination "SchmakAttack won by checkmate"]

1. e4 c5 2. Nf3 d6 3. d4 cxd4 4. Nxd4 Nf6 5. Nc3 g6 6. Be3 Bg7 7. f3 a6 8. Qd2 h5 9. Bc4 Nbd7 10. O-O Qc7 11. Bb3 b6 12. Rfe1 Bb7 13. Nd5 Nxd5 14. exd5 Nc5 15. Bg5 f6 16. Bf4 Nxb3 17. axb3 Bxd5 18.
Nf5 gxf5 19. Qxd5 O-O-O 20. Rxa6 Kd7 21. Qb5+ Kc8 22. Ra8+ Kb7 23. Qd5+ Qc6 24. Ra7+ Kxa7 25. Qxc6 Rc8 26. Rxe7+ Kb8 27. Qb7# 1-0

[Event "Early-Titled-Tuesday-Blitz-April-23-2024"]
[Site "Chess.com"]
[Date "2024.04.23"]
[Round "1"]
[White "M1711"]
[Black "conformalfunction"]
[Result "1/2-1/2"]
[WhiteElo "2700"]
[BlackElo "2406"]
[TimeControl "180+1"]
[EndTime "8:06:05 PDT"]
[Termination "Game drawn by repetition"]

1. e4 e6 2. d4 d5 3. Nc3 Bb4 4.
Bd3 Nf6 5. e5 Nfd7 6. Nf3 c5 7.
dxc5 Nxc5 8. O-O Nxd3 9. cxd3 Nc6 10. d4 b6 11. Bg5 Qd7 12. Nb5 h6 13. Bd2 Be7 14.
Rc1 Ba6 15. Qa4 Bxb5 16. Qxb5 Nxe5 17. Qe2 Nxf3+ 18. Qxf3 O-O 19. g3 Rfc8 20. Rcd1 Rc4 21. Be3 Rac8 22. h4 Rc2 23. Rb1 Bd6 24. Qg4 Kh8 25. Qh5 Qe7 26. Kg2 Qf6 27. Qg4 Kh7 28. a3 g6 29. Qd1 b5 30. Rc1 Qf5 31. Rb1 a6 32. Re1 Qe4+ 33. Kh3 Qf5+ 34. Kg2 Qf6 35. Rc1 Qf5 36. Rb1 1/2-1/2

[Event "Early-Titled-Tuesday-Blitz-April-23-2024"]
[Site "Chess.com"]
[Date "2024.04.23"]
[Round "1"]
[White "mortngabriel"]
[Black "FXDon77"]
[Result "0-1"]
[WhiteElo "2486"]
[BlackElo "2857"]
[TimeControl "180+1"]
[EndTime "8:06:07 PDT"]
[Termination "FXDon77 won by checkmate"]

1. d4 Nf6 2. Nf3 d5 3. c4 e6 4. Nc3 h6 5. cxd5 exd5 6. Bf4 Bd6 7. Bxd6 Qxd6 8. e3 O-O 9. Bd3 Bg4 10. Qc2 Bxf3 11. gxf3 c6 12. O-O-O Nbd7 13. Kb1 a5 14. Rdg1 b5 15. Rg2 a4 16. Rhg1 Ne8 17. Ne2 b4 18.
Qd2 a3 19. b3 c5 20. Ng3 Kh8 21. Nf5 Qf6 22. Nxg7 Nxg7 23. Rxg7 Qxg7 24. Rxg7 Kxg7 25.
Bf5 Nf6 26. dxc5 d4 27. exd4 Nd5 28. Be4 Nc3+ 29. Ka1 Rad8 30. Qf4 Rfe8 31. Qg4+ Kf8 32. Qf4 Rxd4 33. Qxh6+ Ke7 34. Qh4+ Kd7 35. Bf5+ Kc7 36. Qxd4 Re1+ 37. Bb1 Rxb1# 0-1

[Event "Early-Titled-Tuesday-Blitz-April-23-2024"]
[Site "Chess.com"]
[Date "2024.04.23"]
[Round "1"]
[White "jbking07"]
[Black "CSB7"]
[Result "0-1"]
[WhiteElo "2457"]
[BlackElo "2808"]
[TimeControl "180+1"]
[EndTime "8:06:10 PDT"]
[Termination "CSB7 won by resignation"]

1. e4 c6 2. d4 d5 3. f3 e5 4. dxe5 Bc5 5. Nc3 Qb6 6. Na4 Qa5+ 7. c3 Bxg1 8. Rxg1 dxe4 9. Bf4 Ne7 10. b4 Qc7 11. Qd6 Qxd6 12. exd6 Nd5 13. Bg3 exf3 14. Be5 O-O 15. O-O-O f2 16. Rh1 Re8 17. Bd4 Bg4 18.
Bc4 Bxd1 19. Kxd1 Ne3+ 20. Bxe3 Rxe3 21. Kd2 Re1 22. Rxe1 fxe1=Q+ 23. Kxe1 b5 24. Nc5 bxc4 25. d7 Nxd7 26. Nxd7 a5 27. Ne5 Re8 0-1